 Dungeon Crawl Stone Soup version 0.30-a0-918-g0ff054e9dc (webtiles) character file.

Game seed: 11719522506981535418

114 themarg the Caller (level 4, -4/30 HPs)
             Began as a Merfolk Summoner on Mar 20, 2023.
             Slain by Crazy Yiuf
             ... wielding a +2 quarterstaff of chaos
              (7 damage)
             ... on level 2 of the Dungeon.
             The game lasted 00:05:18 (2486 turns).

themarg the Caller (Merfolk Summoner)               Turns: 2486, Time: 00:05:19

Health: -4/30      AC:  3    Str:  8    XL:     4   Next: 97%
Magic:  1/7        EV: 12    Int: 16    God:
Gold:   103        SH:  0    Dex: 14    Spells: 1/7 levels left

rFire   . . .      SeeInvis .    c - +0 dagger
rCold   . . .      Faith    .    (no shield)
rNeg    . . .      Spirit   .    a - +0 robe
rPois   .          Reflect  .    d - +0 helmet
rElec   .          Rampage  .    (no cloak)
rCorr   .                        (no gloves)
Will    .....                    (no boots)
Stlth   ++                       (no amulet)
HPRegen 0.25/turn                (no ring)
MPRegen 0.10/turn                (no ring)

@: lethally poisoned (-4 -> -8)
A: (nimble swimmer 2), mertail
a: no special abilities


You were on level 2 of the Dungeon.
You visited 1 branch of the dungeon, and saw 2 of its levels.

You collected 103 gold pieces.

Inventory:

Hand Weapons
 c - a +0 dagger (weapon)
Missiles
 k - 18 stones
Armour
 a - a +0 robe (worn)
 d - a +0 helmet (worn)
Jewellery
 f - a +4 ring of slaying
 h - a ring of resist corrosion
Scrolls
 e - a scroll of magic mapping {unknown}
 m - a scroll of identify {unknown}
 n - 2 scrolls of enchant weapon {unknown}
 o - a scroll of torment {unknown}
 p - a scroll of noise {unknown}
Potions
 b - a potion of magic
 g - a potion of brilliance {unknown}
 i - 2 potions of flight {unknown}
 j - 2 potions of mutation {unknown}
 l - 3 potions of haste {unknown}


   Skills:
 - Level 2.6 Dodging
 - Level 3.0 Stealth
 - Level 2.0 Spellcasting
 + Level 5.8 Summonings


You had one spell level left.
You knew the following spells:

 Your Spells              Type           Power      Damage    Failure   Level
a - Summon Small Mammal   Summ           80%        N/A       1%          1
b - Call Imp              Summ           20%        N/A       2%          2
c - Call Canine Familiar  Summ           20%        N/A       5%          3

Your spell library contained the following spells:

 Spells                   Type           Power      Damage    Failure   Level
 Beastly Appendage        Tmut           2%         N/A       21%         1
 Summon Guardian Golem    Hex/Summ       11%        N/A       19%         3
 Wereblood                Tmut           1%         N/A       30%         2
 Inner Flame              Hex/Fire       1%         N/A       52%         3
 Spider Form              Tmut/Pois      1%         N/A       52%         3
 Summon Lightning Spire   Summ/Air       11%        N/A       52%         4
 Cause Fear               Hex            0%         N/A       90%         4
 Discord                  Hex            0%         N/A       100%        8


Dungeon Overview and Level Annotations

Branches:
Dungeon (2/15)

Altars:

Annotations:
D:2 Crazy Yiuf, Sigmund


Innate Abilities, Weirdness & Mutations

((You are very nimble when in or above water. (Stealth+, EV+, Speed+++)))
Your lower body shifts to a powerful aquatic tail in water.


Message History

Your crimson imp hits Crazy Yiuf but does no damage.
Crazy Yiuf flaps his cloak.
Crazy Yiuf barely misses your crimson imp.
Your crimson imp hits Crazy Yiuf but does no damage.
Crazy Yiuf closely misses your crimson imp.
Your crimson imp hits Crazy Yiuf but does no damage.
Crazy Yiuf misses your crimson imp.
Your crimson imp hits Crazy Yiuf but does no damage.
Crazy Yiuf barely misses your crimson imp.
Your crimson imp blinks!
Crazy Yiuf hits your crimson imp with a +2 quarterstaff of chaos.
Your crimson imp closely misses Crazy Yiuf.
You barely miss Crazy Yiuf.
Crazy Yiuf is heavily wounded.
Crazy Yiuf hits you with a +2 quarterstaff of chaos!
Crazy Yiuf burns you.
Your crimson imp barely misses Crazy Yiuf.
You hit Crazy Yiuf.
Crazy Yiuf is severely wounded.
Crazy Yiuf closely misses you.
Your crimson imp hits Crazy Yiuf but does no damage.
You hit Crazy Yiuf.
Crazy Yiuf is severely wounded.
Crazy Yiuf hits you with a +2 quarterstaff of chaos.
* * * LOW HITPOINT WARNING * * *
You are poisoned.
Your crimson imp hits Crazy Yiuf but does no damage.
You hit Crazy Yiuf.
Crazy Yiuf is almost dead.
* * * LOW HITPOINT WARNING * * *
You feel sick.
Crazy Yiuf hits you with a +2 quarterstaff of chaos.
* * * LOW HITPOINT WARNING * * *
Your crimson imp blinks!
You barely miss Crazy Yiuf.
Crazy Yiuf is almost dead.
* * * LOW HITPOINT WARNING * * *
You feel sick.
Crazy Yiuf hits you with a +2 quarterstaff of chaos!
You die...

#..............#####.#......# #.
#........#####.##.......###.# #.
#............#.##.##....###.# #.
#[.......#.#.#.##.##........# #.
#........#.....##.##...#########
#........#.#g####...............
#........#.#.# #......#########
#........#.#.#####.....#
#........#.#...@.......###
##.....####.#....g........#
.'..........#.....ยง.......#
##.....####.#.............#
##.....# #.#....)........#
.......# ###.............#
#......# #.............#
#......# #.............#
..###### #.............#


You could see Crazy Yiuf.

Vanquished Creatures
  A dart slug (D:2)
  A ball python (D:2)
  A giant cockroach (D:1)
  A goblin (D:2)
  A hobgoblin (D:1)
  2 quokkas
  2 bats (D:1)
  A kobold (D:1)
10 creatures vanquished.

Vanquished Creatures (collateral kills)
  Natasha (thrice) (D:2)
  2 dart slugs (D:1)
  2 bats
  3 endoplasms (D:1)
  3 goblins
  2 kobolds (D:1)
  A quokka (D:2)
  3 ball pythons
  A frilled lizard (D:1)
  4 rats
24 creatures vanquished.

Vanquished Creatures (others)
  A fungus (D:2)
1 creature vanquished.

Grand Total: 35 creatures vanquished

Notes
Turn   | Place    | Note
-------+----------+-------------------------------------------
     0 | D:1      | themarg the Merfolk Summoner began the quest for the Orb.
     0 | D:1      | Reached XP level 1. HP: 13/13 MP: 3/3
   157 | D:1      | Reached XP level 2. HP: 18/19 MP: 1/5
   160 | D:1      | Learned a level 2 spell: Call Imp
   842 | D:1      | Reached XP level 3. HP: 22/24 MP: 3/6
   846 | D:1      | Learned a level 3 spell: Call Canine Familiar
  1325 | D:1      | Found a faded altar of an unknown god.
  1373 | D:2      | Noticed Sigmund
  1870 | D:2      | Noticed Natasha
  1875 | D:2      | Killed Natasha
  1876 | D:2      | Reached skill level 5 in Summonings
  1876 | D:2      | Reached XP level 4. HP: 30/30 MP: 1/7
  1988 | D:2      | Noticed Natasha
  1999 | D:2      | Killed Natasha
  2325 | D:2      | Noticed Natasha
  2334 | D:2      | Killed Natasha
  2427 | D:2      | Found a runed translucent door.
  2428 | D:2      | Noticed Crazy Yiuf
  2486 | D:2      | Slain by Crazy Yiuf

Illustrated notes

Levels and vault maps discovered:
D:1:      roderic_dead_forest, layout_loops_corners,
          dreamdust_ecumenical_altar_hidden_monk_grotto, corner_web_ring,
          minmay_shallow_snake_nest
D:2:      layout_basic, uniq_natasha, uniq_crazy_yiuf_cottage, uniq_sigmund

Skill      XL: |  1  2  3 |
---------------+----------+-----
Stealth        | 3 |  3.0
Summonings     | 5 |  5.8
Dodging        | |  2.6
Spellcasting   | |  2.0

Action                     |  1- 3 |  4- 6 || total
---------------------------+-------+-------++-------
  Melee: Dagger            |    49 |    13 ||    62
         Unarmed           |     1 |       ||     1
   Cast: Summon Small Mamm |    47 |     2 ||    49
         Call Imp          |     6 |     7 ||    13
         Call Canine Famil |     1 |     4 ||     5
   Stab: Distracted        |     2 |       ||     2
         Sleeping          |     1 |       ||     1
 Armour: Robe              |    12 |       ||    12
  Dodge: Dodged            |    33 |     1 ||    34

Table legend: (Time is in decaauts)
 A = Elapsed time spent in this place.
 B = Non-inter-level travel time spent in this place.
 C = Inter-level travel time spent in this place.
 D = Time resting spent in this place.
 E = Time spent auto-exploring this place.
 F = Levels seen in this place.
 G = Mean time per level.
                   A        B        C        D        E       F      G
               +--------+--------+--------+--------+--------+-----+--------+
         Total |   2484 |   2425 |     59 |     32 |   1955 |   2 | 1242.0 |
       Dungeon |   2484 |   2425 |     59 |     32 |   1955 |   2 | 1242.0 |
               +--------+--------+--------+--------+--------+-----+--------+

Top non-repeatable levels by time:
     D:1: 1394 daAuts
     D:2: 1090 daAuts
